 Dungeon Crawl Stone Soup version 0.30.0-29-ga12c61a403 (webtiles) character file.

Game seed: 5379407806146312208

29 Fodor the Covered (level 3, 0/33 HPs)
             Began as a Minotaur Fighter on June 13, 2023.
             Was a Follower of Kikubaaqudgha.
             Slain by Jessica
             ... wielding a +0 club
              (4 damage)
             ... on level 2 of the Dungeon.
             The game lasted 00:04:36 (584 turns).

Fodor the Covered (Minotaur Fighter)                 Turns: 584, Time: 00:04:36

Health: 0/33       AC:  7    Str: 20    XL:     3   Next: 1%
Magic:  2/2        EV:  9    Int:  5    God:    Kikubaaqudgha [*.....]
Gold:   80         SH:  4    Dex: 11    Spells: 2/2 levels left

rFire   . . .        a - +0 long sword
rCold   . . .        c - +0 buckler
rNeg    . . .        b - +0 scale mail
rPois   .            (helmet restricted)
rElec   .            (no cloak)
rCorr   .            (no gloves)
SInv    .            (no boots)
Will    .....        (no amulet) Stlth
                     (no ring)
HPRegen 0.25/turn    (no ring)
MPRegen 0.08/turn

%: no passive effects
@: no status effects
A: horns 2, retaliatory headbutt
a: Renounce Religion, Unearth Wretches


You were on level 2 of the Dungeon.
You worshipped Kikubaaqudgha.
Kikubaaqudgha was aware of your devotion.
You visited 1 branch of the dungeon, and saw 2 of its levels.

You collected 80 gold pieces.

Inventory:

Hand Weapons
 a - a +0 long sword (weapon)
Missiles
 e - 9 stones (quivered)
Armour
 b - a +0 scale mail (worn)
 c - a +0 buckler (worn)
Scrolls
 f - a scroll of fog {unknown}
 g - a scroll of vulnerability {unknown}
 h - a scroll of identify {unknown}
Potions
 d - a potion of might
 i - 2 potions of invisibility {unknown}
 j - a potion of cancellation {unknown}
 k - 2 potions of curing {unknown}


   Skills:
 + Level 4.0 Fighting
 + Level 3.1 Long Blades
 + Level 4.2 Armour
 + Level 0.2 Dodging
 + Level 3.7 Shields


You had 2 spell levels left.
You didn't know any spells.
Your spell library contained the following spells:

 Spells                   Type           Power      Damage    Failure   Level
 Apportation              Tloc           0%         N/A       88%         1
 Freeze                   Ice            0%         1d3       88%         1
 Necrotise                Necr           0%         1d4       88%         1
 Cigotuvi's Dreadful Rot  Necr/Pois/Air  0%         N/A       95%         2
 Sublimation of Blood     Necr           0%         N/A       95%         2
 Frozen Ramparts          Ice            0%         1d1       99%         3
 Hailstorm                Conj/Ice       0%         3d3       99%         3
 Animate Dead             Necr           0%         N/A       100%        4
 Alistair's Intoxication  Tmut/Pois      0%         N/A       100%        5


Dungeon Overview and Level Annotations

Branches:
Dungeon (2/15)

Altars:
Kikubaaqudgha

Annotations:
D:2 Jessica


Innate Abilities, Weirdness & Mutations

You have a pair of horns on your head.
You reflexively headbutt those who attack you in melee.


Message History

The adder skeleton barely misses you.
The ball python zombie loses its grip on you.
The adder zombie bites you.
Jessica hits the withered plant with a +0 club.
The adder skeleton barely misses you.
The adder zombie attacks as you move away!
The adder zombie bites you but does no damage.
Jessica hits the withered plant with a +0 club!
Jessica hits the withered plant with a +0 club.
The adder skeleton attacks as you move away!
The adder skeleton bites you but does no damage.
Jessica hits the withered plant with a +0 club.
Jessica hits the withered plant with a +0 club!
The adder skeleton bites you but does no damage.
You block the ball python zombie's attack.
The ball python zombie grabs you. The ball python zombie constricts you.
You escape the ball python zombie's grasp.
The goblin attacks as you move away! The goblin hits you but does no damage.
The ball python zombie bites you but does no damage.
The ball python zombie barely misses you.
The goblin hits you but does no damage. You block the adder skeleton's attack.
The adder skeleton attacks as you move away!
The adder skeleton bites you but does no damage.
The withered plant crumbles away.
Jessica mumbles some strange words.
Jessica blinks!
Jessica hits you with a +0 club.
The quokka skeleton bites you but does no damage.
Jessica barely misses you.
You hit Jessica but do no damage.
You feel yourself speed up. Jessica hits you with a +0 club.
The adder skeleton bites you but does no damage.
The goblin hits you with a +0 dagger.
* * * LOW HITPOINT WARNING * * *
You block the quokka skeleton's attack. Jessica hits you with a +0 club.
* * * LOW HITPOINT WARNING * * *
The goblin barely misses you. The quokka skeleton barely misses you.
You hit Jessica but do no damage. Jessica hits you with a +0 club.
You die...
Kikubaaqudgha rasps: "You have failed me!
Welcome... death!"

.......##
##.......##
#........?#
#.........#
..###.........####
.................
#...Zg....#### ..
##..ZJ@<...... ...#
#...ZZ@.......
.....##.............
.P..................
..~..~...†).........
.~~~~~≈.........####
..~~~..#.......##
..~~≈~P.#........#
#.........###P...#


You could see Jessica (fast), a ball python zombie, an adder zombie, an
endoplasm, a goblin, an adder skeleton and a quokka skeleton.

Vanquished Creatures
  A dart slug (D:1)
  2 bats (D:1)
  A bat skeleton (D:2)
  A bat zombie (D:2)
  An endoplasm (D:1)
  A giant cockroach (D:1)
  3 goblins (D:1)
  3 hobgoblins
  2 jackals (D:1)
  2 quokkas (D:1)
  2 ball pythons (D:1)
  A ball python skeleton (D:2)
  A kobold (D:2)
  3 rats (D:1)
24 creatures vanquished.

Notes
Turn   | Place    | Note
-------+----------+-------------------------------------------
     0 | D:1      | Fodor the Minotaur Fighter began the quest for the Orb.
     0 | D:1      | Reached XP level 1. HP: 19/19 MP: 0/0
   230 | D:1      | Reached XP level 2. HP: 26/27 MP: 1/1
   445 | D:1      | Found a faded altar of an unknown god.
   462 | D:1      | Prayed at the altar of an unknown god.
   462 | D:1      | Became a worshipper of Kikubaaqudgha
   462 | D:1      | Reached * piety under Kikubaaqudgha
   462 | D:1      | Received a gift from Kikubaaqudgha
   572 | D:2      | Noticed Jessica
   576 | D:2      | Reached XP level 3. HP: 17/33 MP: 2/2
   584 | D:2      | Slain by Jessica

Illustrated notes

Levels and vault maps discovered:
D:1:      grunt_arrival_crossed_arrows, layout_rooms,
          ebering_ecumenical_altar_mist
D:2:      layout_rooms, serial_undead, serial_undead_a, serial_undead_f,
          serial_undead_b, serial_undead_f, serial_shops, shop,
          nicolae_shop_advertising_works [nicolae_subvault_shop_adworks],
          uniq_jessica

Skill      XL: |  1  2 |
---------------+-------+-----
Armour         | 4 |  4.2
Fighting       | 4 |  4.0
Long Blades    | 3 |  3.1
Dodging        | |  0.2
Shields        | |  3.7

Action                     || total
---------------------------++-------
  Melee: Long sword        ||    60
         Headbutt          ||     4
  Throw: Stone             ||     6
 Armour: Scale mail        ||    73
  Dodge: Dodged            ||    56
  Block: Buckler           ||    26
